SAAA
PAWNEE PARKSNREC @ PENNSAUKEN FLYERS
09/13/2033
 
TOP OF THE 1ST
Pawnee ParksNRec batting - Pitching for Pennsauken Flyers : LHP Bernie Sanders
Pitching: LHP Bernie Sanders
Batting: RHB Alan Patterson 0-0: Foul Ball, location: 2F
0-1: Ball
1-1: Ball
2-1: Foul Ball, location: 2F
2-2: Foul Ball, location: 2F
2-2: Foul Ball, location: 2F
2-2: Strikes out swinging
Batting: RHB Mike Lipide 0-0: Ball
1-0: SINGLE (Groundball, 56D)
Batting: RHB Iván Rodríguez 0-0: Ball
1-0: Ball
2-0: Ground out 5-3 (Groundball, 56S)
Mike Lipide to second
Batting: RHB David Tineo 0-0: Ball
1-0: Ball
2-0: Ball
3-0: Base on Balls
Batting: RHB Roberto Aguirre 0-0: Foul Ball, location: 2F
0-1: Called Strike
0-2: Ball
1-2: Ball
2-2: Ball
3-2: Foul Ball, location: 2F
3-2: Fly out, F9 (Flyball, 89D)
Top of the 1st over - 0 runs, 1 hit, 0 errors, 2 left on base; Pawnee 0 - Pennsauken 0
BOTTOM OF THE 1ST
Pennsauken Flyers batting - Pitching for Pawnee ParksNRec : RHP Luis Castrejón
Pitching: RHP Luis Castrejón
Batting: RHB Enrique Ibarra 0-0: Ball
1-0: SINGLE (Line Drive, 3L)
Batting: SHB Paul Wite 0-0: Ball
1-0: Foul Ball, location: 2F
1-1: Swinging Strike
1-2: Fly out, F6 (Popup, 6)
Batting: RHB Danilo Mosca 0-0: Ball
1-0: Called Strike
1-1: Called Strike
Throwing error on steal attempt, E2
Enrique Ibarra to third
1-2: Ball
2-2: Foul Ball, location: 2F
2-2: Strikes out looking
Batting: LHB José Marín 0-0: Fly out, F4 (Line Drive, 4)
Bottom of the 1st over - 0 runs, 1 hit, 1 error, 1 left on base; Pawnee 0 - Pennsauken 0
TOP OF THE 2ND
Pawnee ParksNRec batting - Pitching for Pennsauken Flyers : LHP Bernie Sanders
Batting: RHB Chad Silander 0-0: Called Strike
0-1: Swinging Strike
0-2: Ball
1-2: Foul Ball, location: 2F
1-2: Foul Ball, location: 2F
1-2: Foul Ball, location: 2F
1-2: Ball
2-2: Ball
3-2: Foul Ball, location: 2F
3-2: Base on Balls
Batting: RHB Rubén Alvarado 0-0: Called Strike
0-1: Called Strike
0-2: Ball
1-2: Strikes out swinging
Batting: RHB Roberto Maestas 0-0: Ball
1-0: Swinging Strike
1-1: Fielders Choice at 2nd, 1-6 (Groundball, P)
Batting: RHB Ken Bone 0-0: Ball
1-0: Foul Ball, location: 2F
1-1: Called Strike
1-2: Ball
2-2: Ground out 4-3 (Groundball, 34)
Top of the 2nd over - 0 runs, 0 hits, 0 errors, 1 left on base; Pawnee 0 - Pennsauken 0
BOTTOM OF THE 2ND
Pennsauken Flyers batting - Pitching for Pawnee ParksNRec : RHP Luis Castrejón
Batting: RHB Dave Ash 0-0: Ball
1-0: Ball
2-0: SINGLE (Line Drive, 9LS)
Batting: RHB Raúl Moreno 0-0: Foul Ball, location: 2F
0-1: Fly out, F6 (Popup, 6)
Batting: RHB Vincente Flores 0-0: Ball
1-0: Foul Ball, location: 2F
1-1: Called Strike
Dave Ash steals 2nd base
1-2: SINGLE (Groundball, 34D)
Dave Ash to third
Runner from 3rd tries for Home, SAFE, no throw
Batting: RHB Marc Beck 0-0: Ball
1-0: Ball
2-0: Ball
3-0: Base on Balls
Vincente Flores to second
Batting: RHB Raúl Guerrero 0-0: Swinging Strike
0-1: Ball
1-1: Ball
2-1: SINGLE (Groundball, 56D)
Vincente Flores to third
Marc Beck to second
Runner from 3rd tries for Home, SAFE, no throw
Batting: RHB Enrique Ibarra 0-0: Foul Ball, location: 2F
0-1: Called Strike
0-2: Strikes out swinging
Batting: SHB Paul Wite 0-0: Ball
1-0: Fly out, F9 (Flyball, 9)
Bottom of the 2nd over - 2 runs, 3 hits, 0 errors, 2 left on base; Pawnee 0 - Pennsauken 2
TOP OF THE 3RD
Pawnee ParksNRec batting - Pitching for Pennsauken Flyers : LHP Bernie Sanders
Batting: RHB Alan Patterson 0-0: Foul Ball, location: 2F
0-1: Foul Ball, location: 2F
0-2: Ball
1-2: Strikes out swinging
Batting: RHB Mike Lipide 0-0: Called Strike
0-1: Called Strike
0-2: Foul Ball, location: 2F
0-2: SINGLE (Line Drive, 6MD)
Batting: RHB Iván Rodríguez 0-0: Foul Ball, location: 2F
0-1: Ball
1-1: Called Strike
1-2: Foul Ball, location: 2F
1-2: Foul Ball, location: 2F
1-2: Grounds into double play, 4-6-3 (Groundball, 34)
Top of the 3rd over - 0 runs, 1 hit, 0 errors, 0 left on base; Pawnee 0 - Pennsauken 2
BOTTOM OF THE 3RD
Pennsauken Flyers batting - Pitching for Pawnee ParksNRec : RHP Luis Castrejón
Batting: RHB Danilo Mosca 0-0: Called Strike
0-1: Foul Ball, location: 2F
0-2: Foul Ball, location: 2F
0-2: Foul Ball, location: 2F
0-2: Ball
1-2: Foul Ball, location: 2F
1-2: Ground out U3 (Groundball, 3S)
Batting: LHB José Marín 0-0: Fly out, F3 (Line Drive, 34)
Batting: RHB Dave Ash 0-0: Ball
1-0: Ball
2-0: Called Strike
2-1: Foul Ball, location: 2F
2-2: DOUBLE (Flyball, 89D)
Batting: RHB Raúl Moreno 0-0: Fly out, F5 (Popup, 25F)
Bottom of the 3rd over - 0 runs, 1 hit, 0 errors, 1 left on base; Pawnee 0 - Pennsauken 2
TOP OF THE 4TH
Pawnee ParksNRec batting - Pitching for Pennsauken Flyers : LHP Bernie Sanders
Batting: RHB David Tineo 0-0: Fly out, F8 (Flyball, 8LD)
Batting: RHB Roberto Aguirre 0-0: Called Strike
0-1: Ball
1-1: Called Strike
1-2: Ball
2-2: Foul Ball, location: 2F
2-2: Ball
3-2: Strikes out looking
Batting: RHB Chad Silander 0-0: Called Strike
0-1: Called Strike
0-2: Ball
1-2: Strikes out swinging
Top of the 4th over - 0 runs, 0 hits, 0 errors, 0 left on base; Pawnee 0 - Pennsauken 2
BOTTOM OF THE 4TH
Pennsauken Flyers batting - Pitching for Pawnee ParksNRec : RHP Luis Castrejón
Batting: RHB Vincente Flores 0-0: Ball
1-0: Called Strike
1-1: Ball
2-1: Ball
3-1: Base on Balls
Batting: RHB Marc Beck 0-0: Called Strike
0-1: Ball
1-1: Ball
2-1: Called Strike
2-2: Foul Ball, location: 2F
2-2: Foul Ball, location: 2F
2-2: Ball
3-2: Base on Balls
Vincente Flores to second
Batting: RHB Raúl Guerrero 0-0: Ball
1-0: SINGLE (Line Drive, 9S)
Vincente Flores to third
Marc Beck to second
Batting: RHB Enrique Ibarra 0-0: Foul Ball, location: 2F
0-1: Swinging Strike
0-2: Foul Ball, location: 2F
0-2: Strikes out swinging
Batting: SHB Paul Wite 0-0: Ball
1-0: Ball
2-0: Swinging Strike
2-1: Ball
3-1: Base on Balls
Vincente Flores scores
Marc Beck to third
Raúl Guerrero to second
Batting: RHB Danilo Mosca 0-0: Ball
1-0: Grounds into double play, 5-4-3 (Groundball, 56)
Bottom of the 4th over - 1 run, 1 hit, 0 errors, 2 left on base; Pawnee 0 - Pennsauken 3
TOP OF THE 5TH
Pawnee ParksNRec batting - Pitching for Pennsauken Flyers : LHP Bernie Sanders
Batting: RHB Rubén Alvarado 0-0: Fly out, F4 (Line Drive, 4)
Batting: RHB Roberto Maestas 0-0: Fly out, F5 (Popup, 5SF)
Batting: RHB Ken Bone 0-0: Called Strike
0-1: Ball
1-1: Foul Ball, location: 2F
1-2: Ball
2-2: DOUBLE (Line Drive, 89D)
Batting: RHB Alan Patterson 0-0: Ground out 6-3 (Groundball, 6)
Top of the 5th over - 0 runs, 1 hit, 0 errors, 1 left on base; Pawnee 0 - Pennsauken 3
BOTTOM OF THE 5TH
Pennsauken Flyers batting - Pitching for Pawnee ParksNRec : RHP Luis Castrejón
Batting: LHB José Marín 0-0: Ball
1-0: SOLO HOME RUN (Flyball, 89XD), Distance : 402 ft
Batting: RHB Dave Ash 0-0: Ball
1-0: Foul Ball, location: 2F
1-1: Swinging Strike
1-2: Strikes out swinging
Batting: RHB Raúl Moreno 0-0: Foul Ball, location: 2F
0-1: Fly out, F8 (Flyball, 8RS)
Batting: RHB Vincente Flores 0-0: Called Strike
0-1: Swinging Strike
0-2: Ball
1-2: Strikes out swinging
Bottom of the 5th over - 1 run, 1 hit, 0 errors, 0 left on base; Pawnee 0 - Pennsauken 4
TOP OF THE 6TH
Pawnee ParksNRec batting - Pitching for Pennsauken Flyers : LHP Bernie Sanders
Batting: RHB Mike Lipide 0-0: Called Strike
0-1: Ground out 5-3 (Groundball, 56S)
Batting: RHB Iván Rodríguez 0-0: Swinging Strike
0-1: Ball
1-1: Foul Ball, location: 2F
1-2: Fly out, F8 (Flyball, 8RS)
Batting: RHB David Tineo 0-0: Foul Ball, location: 2F
0-1: Swinging Strike
0-2: Ball
1-2: Strikes out swinging
Top of the 6th over - 0 runs, 0 hits, 0 errors, 0 left on base; Pawnee 0 - Pennsauken 4
BOTTOM OF THE 6TH
Pennsauken Flyers batting - Pitching for Pawnee ParksNRec : RHP Luis Castrejón
Batting: RHB Marc Beck 0-0: Ball
1-0: Ground out 6-3 (Groundball, 6)
Batting: RHB Raúl Guerrero 0-0: Ball
1-0: DOUBLE (Flyball, 89D)
Batting: RHB Enrique Ibarra 0-0: Called Strike
0-1: Foul Ball, location: 2F
0-2: Ground out 3-1 (Groundball, 34)
Raúl Guerrero to third
Batting: SHB Paul Wite 0-0: Ball
1-0: Foul Ball, location: 2F
1-1: Foul Ball, location: 2F
1-2: Ball
2-2: 2-RUN HOME RUN (Flyball, 9D), Distance : 383 ft
Pitching: LHP Luis Cuero
Batting: RHB Danilo Mosca 0-0: Swinging Strike
0-1: Swinging Strike
0-2: Ball
1-2: Foul Ball, location: 2F
1-2: Foul Ball, location: 2F
1-2: Ball
2-2: Strikes out looking
Bottom of the 6th over - 2 runs, 2 hits, 0 errors, 0 left on base; Pawnee 0 - Pennsauken 6
TOP OF THE 7TH
Pawnee ParksNRec batting - Pitching for Pennsauken Flyers : LHP Bernie Sanders
Batting: RHB Roberto Aguirre 0-0: Ball
1-0: Called Strike
1-1: Foul Ball, location: 2F
1-2: Ball
2-2: SINGLE (Groundball, 2R) (infield hit)
Batting: RHB Chad Silander 0-0: Foul Ball, location: 2F
0-1: Ball
1-1: Ball
2-1: Foul Ball, location: 2F
2-2: Ball
3-2: Grounds into double play, 6-4-3 (Groundball, 6)
Batting: RHB Rubén Alvarado 0-0: Called Strike
0-1: Ball
1-1: Ball
2-1: Foul Ball, location: 2F
2-2: Fly out, F5 (Line Drive, 5S)
Top of the 7th over - 0 runs, 1 hit, 0 errors, 0 left on base; Pawnee 0 - Pennsauken 6
BOTTOM OF THE 7TH
Pennsauken Flyers batting - Pitching for Pawnee ParksNRec : LHP Luis Cuero
Batting: LHB José Marín 0-0: Ball
1-0: Called Strike
1-1: Foul Ball, location: 2F
1-2: Strikes out swinging
Batting: RHB Dave Ash 0-0: Ball
1-0: Ball
2-0: Called Strike
2-1: Foul Ball, location: 2F
2-2: Ball
3-2: Foul Ball, location: 2F
3-2: Foul Ball, location: 2F
3-2: SINGLE (Flyball, 8LS)
Batting: RHB Raúl Moreno 0-0: Called Strike
0-1: Swinging Strike
0-2: Grounds into double play, 6-4-3 (Groundball, 6)
Bottom of the 7th over - 0 runs, 1 hit, 0 errors, 0 left on base; Pawnee 0 - Pennsauken 6
TOP OF THE 8TH
Pawnee ParksNRec batting - Pitching for Pennsauken Flyers : LHP Bernie Sanders
Pitching: RHP Will O'Slattery
Now in LF: Clarence Therrien
Batting: RHB Roberto Maestas 0-0: Ground out 6-3 (Groundball, 6MS)
Batting: RHB Ken Bone 0-0: Fly out, F3 (Line Drive, 3S)
Batting: RHB Alan Patterson 0-0: Ball
1-0: Called Strike
1-1: Ball
2-1: Ground out U3 (Groundball, 34S)
Top of the 8th over - 0 runs, 0 hits, 0 errors, 0 left on base; Pawnee 0 - Pennsauken 6
BOTTOM OF THE 8TH
Pennsauken Flyers batting - Pitching for Pawnee ParksNRec : LHP Luis Cuero
Batting: RHB Vincente Flores 0-0: Called Strike
0-1: SINGLE (Line Drive, 7S)
Batting: RHB Marc Beck 0-0: SINGLE (Line Drive, 6MD)
Vincente Flores to second
Batting: RHB Raúl Guerrero 0-0: Ball
1-0: Ball
2-0: Called Strike
2-1: Foul Ball, location: 2F
2-2: Ball
3-2: Foul Ball, location: 2F
3-2: Ground out U3 (Groundball, 2R)
Vincente Flores to third
Marc Beck to second
Batting: RHB Enrique Ibarra 0-0: Swinging Strike
0-1: Ball
1-1: Ball
2-1: Ball
3-1: SINGLE (Groundball, 6MD)
Vincente Flores scores
Marc Beck to third
Runner from 3rd tries for Home, SAFE, no throw
Batting: SHB Paul Wite 0-0: Called Strike
0-1: Called Strike
0-2: Strikes out swinging
Batting: RHB Danilo Mosca 0-0: Called Strike
0-1: Ball
1-1: Called Strike
1-2: Foul Ball, location: 2F
1-2: Ball
2-2: Strikes out swinging
Bottom of the 8th over - 2 runs, 3 hits, 0 errors, 1 left on base; Pawnee 0 - Pennsauken 8
TOP OF THE 9TH
Pawnee ParksNRec batting - Pitching for Pennsauken Flyers : RHP Will O'Slattery
Batting: RHB Mike Lipide 0-0: SINGLE (Line Drive, 78M)
Batting: RHB Iván Rodríguez 0-0: Swinging Strike
0-1: Ball
1-1: Fly out, F8 (Flyball, 8RM)
Batting: RHB David Tineo 0-0: Called Strike
0-1: Ball
1-1: Fly out, F7 (Flyball, 7S)
Batting: RHB Roberto Aguirre 0-0: Ball
1-0: DOUBLE (Line Drive, 7LM)
Mike Lipide to third
Batting: RHB Chad Silander 0-0: Ball
1-0: Ball
2-0: Swinging Strike
2-1: Foul Ball, location: 2F
2-2: Strikes out swinging
Top of the 9th over - 0 runs, 2 hits, 0 errors, 2 left on base; Pawnee 0 - Pennsauken 8
Saturday, December 22nd, 2018 - OOTP Baseball 18.8 Build 76